 Dungeon Crawl Stone Soup version 0.20.1-1-g8b1a95d (webtiles) character file.

203 nikopol the Firebug (level 5, -4/28 HPs)
             Began as a Deep Elf Fire Elementalist on Oct 7, 2017.
             Was an Initiate of Sif Muna.
             Slain by Grinder (9 damage)
             ... while paralysed by Grinder
             ... on level 4 of the Dungeon.
             The game lasted 00:13:12 (3523 turns).

nikopol the Firebug (Deep Elf Fire Elementalist)    Turns: 3523, Time: 00:13:12

Health: -4/28      AC:  3    Str:  5    XL:     5   Next: 51%
Magic:  6/14       EV:  2    Int: 21    God:    Sif Muna [......]
Gold:   211        SH:  0    Dex: 15    Spells: 2/13 levels left

rFire    . . .     SeeInvis .   d - +0 dagger
rCold    . . .     Gourm    .   (no shield)
rNeg     . . .     Faith    .   a - +0 robe
rPois    .         Spirit   .   (no helmet)
rElec    .         Reflect  .   (no cloak)
rCorr    .         Harm     .   (no gloves)
MR       .....                  h - +0 pair of boots
Stlth    ++........             (no amulet)
Regen    0.1/turn               (no ring)
MPRegen  0.2/turn               (no ring)

@: paralysed
A: no striking features
a: Renounce Religion


You were on level 4 of the Dungeon.
You worshipped Sif Muna.
Sif Muna was noncommittal.
You were not hungry.

You visited 2 branches of the dungeon, and saw 5 of its levels.

You collected 211 gold pieces.

Inventory:

Hand Weapons
 d - a +0 dagger (weapon)
Armour
 a - a +0 robe (worn)
 h - a +0 pair of boots (worn)
Jewellery
 r - an uncursed ring of ice {unknown}
 s - an uncursed amulet of magic regeneration {unknown}
 y - an uncursed ring of see invisible {unknown}
Wands
 l - a wand of lightning (9/15)
Scrolls
 e - 5 scrolls of remove curse {unknown}
 i - a scroll of fog {unknown}
 j - 2 scrolls of identify {unknown}
 n - a scroll of enchant armour {unknown}
 o - a scroll of teleportation {unknown}
 q - a scroll of magic mapping {unknown}
 t - a scroll of fear {unknown}
 w - a scroll of noise {unknown}
 x - a scroll of immolation {unknown}
Potions
 f - 3 potions of heal wounds {unknown}
 k - 3 potions of might {unknown}
 u - a potion of lignification {unknown}
 A - a potion of agility {unknown}
Books
 b - a book of Flames

   Spells                             Type                      Level
   a - Flame Tongue                   Conjuration/Fire             1
   b - Throw Flame                    Conjuration/Fire             2
   c - Conjure Flame                  Conjuration/Fire             3
   d - Inner Flame                    Hexes/Fire                   3
   e - Sticky Flame                   Conjuration/Fire             4
   f - Fireball                       Conjuration/Fire             5
 v - a book of Geomancy

   Spells                             Type                      Level
   a - Sandblast                      Earth                        1
   b - Passwall                       Transmutation/Earth          2
   c - Stone Arrow                    Conjuration/Earth            3
   d - Petrify                        Transmutation/Earth          4
   e - Lee's Rapid Deconstruction     Earth                        5
Comestibles
 c - 2 bread rations
 g - 3 meat rations
 m - 7 fruits
 p - a royal jelly


   Skills:
 + Level 0.4 Fighting
 + Level 2.7 Dodging
 + Level 2.8 Stealth
 + Level 4.7 Spellcasting
 + Level 2.8 Conjurations
 + Level 5.0 Fire Magic


You had 2 spell levels left.
You knew the following spells:

 Your Spells              Type           Power        Failure   Level  Hunger
a - Flame Tongue          Conj/Fire      ###..        2%          1    None
b - Throw Flame           Conj/Fire      ###...       3%          2    #......
c - Conjure Flame         Conj/Fire      ###.....     7%          3    ##.....
d - Fireball              Conj/Fire      ###.......   52%         5    ######.


Dungeon Overview and Level Annotations

Branches:
Dungeon (4/15)             Temple (1/1) D:4

Altars:
Cheibriados
Dithmenos
Elyvilon
Fedhas
Gozag
Kikubaaqudgha
Nemelex Xobeh
Okawaru
Qazlal
Ru
Sif Muna
Uskayaw
Vehumet
Yredelemnul
Zin
The Shining One

Annotations:
D:4 Grinder


Message History

Grinder is moderately wounded.
Grinder closely misses you.
Casting: Throw Flame
Confirm with . or Enter, or press ? or * to list all spells.
Aiming: Throw Flame
Press: ? - help, Shift-Dir - straight line, f/p - Grinder
Aim: Grinder (moderately wounded)
The puff of flame hits Grinder.
Grinder is heavily wounded.
Grinder gestures at you.
You suddenly lose the ability to move!
Grinder gestures at you. Pain shoots through your body!
* * * LOW HITPOINT WARNING * * *
Grinder gestures at you.
You struggle to resist.
Grinder gestures at you. You resist with significant effort. Grinder hits you!
You die...

#..........#
............
#.##.......#
.............
..#####...##
............. ..#
#...### ..............
..# ##.....### .....
........ ..#
#........### ......
................##......
....##...##...........
....##...####..@....##
.... #...# #..5....#
##.... ## ... .....#
#......## #..... ..
......# #.......#
##..... .. #....
#......## #.....# ##
#......# ##.....# #
........ ##......# ##
..................###.
.......<....


You could see Grinder.

Vanquished Creatures
  An orc priest (D:3)
  An orc wizard (D:3)
  3 gnolls (D:3)
  3 adders
  An ooze (D:3)
  3 worms
  A dart slug (D:2)
  2 leopard geckos
  8 orcs
  2 giant cockroaches (D:2)
  6 goblins
  8 hobgoblins
  7 jackals
  A quokka (D:3)
  9 bats
  2 frilled lizards (D:1)
  4 kobolds
  9 rats
71 creatures vanquished.

Notes
Turn   | Place    | Note
-------+----------+-------------------------------------------
     0 | D:1      | nikopol the Deep Elf Fire Elementalist began the quest for the Orb.
     0 | D:1      | Reached XP level 1. HP: 10/10 MP: 6/6
   392 | D:1      | Reached XP level 2. HP: 15/15 MP: 4/8
   663 | D:1      | Reached skill level 4 in Fire Magic
  1276 | D:2      | Reached XP level 3. HP: 19/19 MP: 8/10
  1863 | D:2      | Learned a level 2 spell: Throw Flame
  1867 | D:2      | Learned a level 3 spell: Conjure Flame
  2116 | D:3      | Reached XP level 4. HP: 22/24 MP: 8/12
  2538 | D:3      | Reached XP level 5. HP: 28/28 MP: 4/13
  2738 | D:3      | Reached skill level 5 in Fire Magic
  3131 | D:4      | Learned a level 5 spell: Fireball
  3180 | D:4      | Found a staircase to the Ecumenical Temple.
  3190 | Temple   | Entered the Ecumenical Temple
  3292 | Temple   | Became a worshipper of Sif Muna the Loreminder
  3504 | D:4      | Noticed Grinder
  3508 | D:4      | Paralysed by Grinder for 7 turns
  3519 | D:4      | Paralysed by Grinder for 6 turns
  3523 | D:4      | Slain by Grinder

Skill      XL: |  1  2  3  4  5 |
---------------+----------------+-----
Fire Magic     | 4 5 |  5.0
Spellcasting   | 4 |  4.7
Conjurations   | 2 |  2.8
Fighting       | |  0.4
Dodging        | |  2.7
Stealth        | |  2.8

Action                   |  1- 3 |  4- 6 || total
-------------------------+-------+-------++-------
Melee: Dagger            |     8 |       ||     8
 Cast: Flame Tongue      |    99 |    59 ||   158
       Conjure Flame     |     1 |     1 ||     2
       Throw Flame       |       |     3 ||     3
  Eat: Chunk             |     3 |     5 ||     8
Armor: Robe              |    24 |     2 ||    26
Dodge: Dodged            |    40 |    12 ||    52
